[ AOE2 MATCH · #506826739 ]
UnrankedGoths vs Chinese
Player's team · LOSS
Rival team · WIN
[ REPLAY ANALYSIS · EXTRACTED FROM THE RECORDED GAME ]
Feudal
11:23
Castle
22:29
Imperial
—
| APM avg | 66.7 |
| APM peak | 104 |
| eAPM avg | 44.2 |
| Villagers / military | 113 / 131 |
Focus
⚔️ 63.9% · 🌾 36.1%
Huskarl ×44 · Skirmisher ×38 · Archer ×14 · Battering Ram ×13 · Petard ×9 · Militia ×7
Feudal
11:15
Castle
20:36
Imperial
35:09
| APM avg | 32.9 |
| APM peak | 72 |
| eAPM avg | 18.5 |
| Villagers / military | 107 / 73 |
Focus
⚔️ 28.5% · 🌾 71.5%
Chu Ko Nu ×30 · Archer ×29 · Militia ×5 · Trebuchet (Packed) ×4 · Iron Pagoda ×3 · Monk ×1
Match map
Initial resources + every placement click. Lines = walls · curves = elevation contours. ◆ gold · ⬟ stone · ● berries · ✦ relic · ◌ wall gap
Your base· Open — 1t gap
muirhead25's base· Open — 4t gap
Smoothed initial terrain · ◌ = detected wall gap · hover for details
Inputs per minute
— KIV.YourAddHere - - muirhead25
Build order — KIV.YourAddHere
First 150 of 280 actions detected
| 0:00 | Queue | Villager (Male) |
| 0:02 | Build | House |
| 0:03 | Build | House |
| 0:07 | Research | Loom |
| 0:07 | Queue | Villager (Male) ×3 |
| 1:46 | Queue | Villager (Male) |
| 2:10 | Queue | Villager (Male) |
| 2:28 | Build | Barracks |
| 2:34 | Queue | Villager (Male) |
| 2:58 | Queue | Villager (Male) |
| 3:31 | Queue | Villager (Male) |
| 3:32 | Queue | Villager (Male) |
| 3:53 | Queue | Villager (Male) |
| 4:17 | Build | House |
| 4:26 | Queue | Villager (Male) |
| 4:27 | Queue | Villager (Male) |
| 4:30 | Queue | Militia ×2 |
| 4:31 | Queue | Villager (Male) ×2 |
| 4:53 | Queue | Militia |
| 4:56 | Queue | Villager (Male) |
| 5:41 | Queue | Villager (Male) |
| 5:45 | Build | House |
| 6:04 | Queue | Villager (Male) |
| 6:12 | Build | House |
| 6:57 | Queue | Villager (Male) |
| 7:23 | Queue | Villager (Male) |
| 7:43 | Queue | Villager (Male) ×3 |
| 7:48 | Queue | Villager (Male) |
| 7:53 | Build | Mill |
| 8:53 | Queue | Villager (Male) |
| 8:55 | Research | Feudal Age |
| 8:58 | Build | Lumber Camp |
| 9:17 | Queue | Villager (Male) |
| 9:25 | Build | Mining Camp |
| 10:17 | Queue | Militia |
| 10:51 | Queue | Militia |
| 11:04 | Build | Farm |
| 11:10 | Queue | Militia |
| 11:23 | Age | Feudal Age |
| 11:26 | Research | Man-at-Arms (upgrade) |
| 11:26 | Research | Man-at-Arms (upgrade) |
| 11:28 | Build | Archery Range |
| 11:39 | Build | House |
| 11:43 | Research | Double-Bit Axe |
| 11:45 | Research | Horse Collar |
| 12:01 | Queue | Villager (Male) |
| 12:23 | Queue | Archer ×2 |
| 12:32 | Build | Farm |
| 12:34 | Queue | Villager (Male) ×3 |
| 12:41 | Build | Blacksmith |
| 12:53 | Build | Farm |
| 13:22 | Queue | Archer ×2 |
| 13:23 | Queue | Villager (Male) ×4 |
| 13:26 | Build | House |
| 13:35 | Research | Fletching |
| 13:37 | Queue | Archer |
| 13:42 | Build | Farm |
| 13:46 | Queue | Militia |
| 13:50 | Build | House |
| 13:53 | Build | House |
| 13:54 | Build | Palisade Wall |
| 13:59 | Queue | Archer |
| 14:00 | Queue | Archer |
| 14:08 | Build | Farm |
| 14:24 | Queue | Archer |
| 14:25 | Queue | Archer |
| 14:30 | Queue | Villager (Male) ×2 |
| 14:32 | Queue | Villager (Male) |
| 14:37 | Build | Palisade Wall |
| 14:38 | Build | Palisade Wall |
| 14:54 | Queue | Archer |
| 15:11 | Build | Mill |
| 15:28 | Build | Farm |
| 15:33 | Build | Farm |
| 15:50 | Queue | Villager (Male) |
| 15:55 | Build | House |
| 15:56 | Build | House |
| 15:57 | Build | House |
| 16:01 | Queue | Archer ×2 |
| 16:01 | Queue | Archer ×2 |
| 16:05 | Queue | Villager (Male) |
| 16:06 | Build | Farm |
| 16:15 | Queue | Villager (Male) |
| 16:18 | Research | Town Watch |
| 16:21 | Build | House |
| 16:24 | Build | Palisade Wall |
| 16:24 | Build | Palisade Wall |
| 16:25 | Build | Palisade Wall |
| 16:31 | Queue | Villager (Male) |
| 16:34 | Build | Palisade Wall |
| 16:36 | Build | Palisade Wall |
| 16:44 | Build | Palisade Wall |
| 16:46 | Build | Palisade Wall |
| 16:55 | Queue | Villager (Male) |
| 17:00 | Build | Market |
| 17:25 | Queue | Skirmisher ×3 |
| 17:58 | Queue | Villager (Male) |
| 17:59 | Queue | Skirmisher ×3 |
| 18:02 | Research | Padded Archer Armor |
| 18:08 | Build | Archery Range |
| 18:25 | Queue | Skirmisher |
| 18:25 | Queue | Skirmisher |
| 18:35 | Queue | Skirmisher |
| 18:36 | Queue | Villager (Male) |
| 18:43 | Build | Mill |
| 18:44 | Queue | Skirmisher |
| 18:53 | Queue | Skirmisher |
| 19:11 | Build | Outpost |
| 19:15 | Queue | Villager (Male) |
| 19:27 | Build | Farm |
| 19:49 | Research | Castle Age |
| 19:50 | Queue | Skirmisher ×2 |
| 20:01 | Queue | Skirmisher |
| 20:20 | Queue | Skirmisher |
| 20:20 | Queue | Skirmisher |
| 20:41 | Build | Palisade Wall |
| 20:51 | Queue | Villager (Male) |
| 20:51 | Queue | Skirmisher |
| 20:52 | Queue | Skirmisher |
| 20:54 | Build | Stable |
| 21:24 | Queue | Skirmisher |
| 21:42 | Build | Palisade Wall |
| 21:49 | Build | House |
| 21:50 | Build | House |
| 21:51 | Build | House |
| 21:53 | Build | House |
| 22:18 | Queue | Skirmisher |
| 22:18 | Queue | Skirmisher |
| 22:29 | Age | Castle Age |
| 22:32 | Research | Elite Skirmisher (upgrade) |
| 22:33 | Research | Bodkin Arrow |
| 22:39 | Queue | Villager (Male) |
| 23:06 | Queue | Villager (Male) |
| 23:08 | Queue | Skirmisher |
| 23:08 | Queue | Skirmisher |
| 23:08 | Queue | Skirmisher |
| 23:08 | Queue | Skirmisher |
| 23:08 | Queue | Skirmisher |
| 23:09 | Queue | Skirmisher |
| 23:09 | Queue | Skirmisher |
| 23:09 | Queue | Skirmisher |
| 23:35 | Build | Town Center |
| 23:40 | Queue | Villager (Male) |
| 23:42 | Queue | Villager (Male) |
| 23:54 | Queue | Skirmisher |
| 23:54 | Queue | Skirmisher |
| 23:59 | Queue | Knight |
| 24:07 | Queue | Villager (Male) |
| 24:12 | Build | Monastery |
| 24:28 | Queue | Villager (Male) ×5 |
Build order — muirhead25
First 150 of 303 actions detected
| 0:17 | Research | Loom |
| 0:44 | Queue | Villager (Male) |
| 1:03 | Queue | Villager (Male) |
| 1:20 | Queue | Villager (Male) |
| 1:41 | Build | Lumber Camp |
| 1:59 | Queue | Villager (Male) |
| 2:14 | Queue | Villager (Male) |
| 2:36 | Queue | Villager (Male) |
| 2:55 | Build | House |
| 2:56 | Build | House |
| 3:01 | Queue | Villager (Male) |
| 3:22 | Queue | Villager (Male) |
| 3:36 | Queue | Villager (Male) |
| 4:15 | Queue | Villager (Male) |
| 4:36 | Queue | Villager (Male) |
| 4:53 | Queue | Villager (Male) |
| 5:07 | Build | Barracks |
| 5:10 | Queue | Villager (Male) |
| 5:29 | Build | House |
| 5:45 | Queue | Villager (Male) |
| 6:13 | Build | Mill |
| 6:21 | Queue | Villager (Male) |
| 6:47 | Queue | Villager (Male) |
| 6:58 | Build | Mining Camp |
| 7:14 | Queue | Villager (Male) |
| 7:24 | Queue | Villager (Male) |
| 7:46 | Queue | Militia |
| 7:47 | Queue | Militia |
| 7:52 | Queue | Villager (Male) |
| 7:58 | Build | Palisade Wall |
| 7:59 | Build | Palisade Wall |
| 8:01 | Build | Palisade Wall |
| 8:03 | Build | Palisade Wall |
| 8:06 | Build | Palisade Wall |
| 8:20 | Build | Palisade Wall |
| 8:21 | Build | Palisade Wall |
| 8:25 | Build | Palisade Wall |
| 8:27 | Build | Palisade Wall |
| 8:29 | Queue | Villager (Male) |
| 8:42 | Queue | Villager (Male) |
| 8:46 | Build | House |
| 9:02 | Research | Feudal Age |
| 9:18 | Queue | Militia |
| 9:41 | Queue | Militia |
| 9:58 | Queue | Villager (Male) |
| 10:00 | Queue | Villager (Male) |
| 10:28 | Queue | Militia |
| 11:15 | Age | Feudal Age |
| 11:16 | Research | Man-at-Arms (upgrade) |
| 11:18 | Build | Archery Range |
| 11:20 | Research | Double-Bit Axe |
| 11:22 | Research | Horse Collar |
| 11:31 | Research | Town Watch |
| 11:38 | Queue | Villager (Male) |
| 11:59 | Build | Watch Tower |
| 12:12 | Queue | Archer |
| 12:12 | Queue | Archer |
| 12:15 | Build | Blacksmith |
| 12:17 | Queue | Villager (Male) |
| 12:29 | Queue | Villager (Male) |
| 12:43 | Queue | Archer |
| 12:46 | Build | House |
| 12:50 | Build | Farm |
| 12:51 | Queue | Villager (Male) |
| 12:56 | Research | Fletching |
| 13:12 | Queue | Villager (Male) |
| 13:19 | Build | Farm |
| 13:26 | Build | Farm |
| 13:27 | Queue | Villager (Male) |
| 13:33 | Build | House |
| 13:40 | Queue | Villager (Male) |
| 13:53 | Queue | Archer |
| 14:03 | Queue | Archer |
| 14:05 | Build | Mill |
| 14:15 | Build | House |
| 14:17 | Queue | Villager (Male) |
| 14:21 | Build | Farm |
| 14:39 | Queue | Archer |
| 14:57 | Queue | Skirmisher |
| 15:01 | Build | Outpost |
| 15:03 | Queue | Villager (Male) |
| 15:08 | Build | Farm |
| 15:25 | Queue | Archer |
| 15:34 | Queue | Villager (Male) |
| 15:46 | Queue | Archer |
| 15:47 | Queue | Villager (Male) |
| 15:57 | Build | House |
| 15:59 | Build | House |
| 16:03 | Build | Market |
| 16:09 | Build | Farm |
| 16:19 | Queue | Archer |
| 16:28 | Build | House |
| 16:29 | Build | House |
| 16:29 | Build | House |
| 16:40 | Queue | Villager (Male) |
| 16:54 | Build | Outpost |
| 17:03 | Queue | Villager (Male) |
| 17:16 | Queue | Archer |
| 17:30 | Queue | Villager (Male) |
| 17:56 | Research | Castle Age |
| 18:07 | Queue | Archer |
| 18:12 | Build | Mining Camp |
| 18:25 | Research | Padded Archer Armor |
| 18:37 | Research | Gold Mining |
| 18:41 | Build | Outpost |
| 18:48 | Build | House |
| 18:49 | Build | House |
| 18:52 | Queue | Archer |
| 18:52 | Queue | Archer |
| 19:00 | Queue | Villager (Male) |
| 19:16 | Queue | Archer |
| 19:23 | Build | Outpost |
| 19:30 | Queue | Archer |
| 20:02 | Queue | Archer |
| 20:10 | Build | Archery Range |
| 20:14 | Queue | Archer |
| 20:19 | Queue | Villager (Male) |
| 20:36 | Age | Castle Age |
| 20:37 | Research | Crossbowman (upgrade) |
| 20:37 | Research | Crossbowman (upgrade) |
| 20:40 | Research | Bodkin Arrow |
| 20:40 | Research | Bodkin Arrow |
| 20:45 | Build | University |
| 21:21 | Build | Town Center |
| 21:24 | Queue | Villager (Male) |
| 21:32 | Queue | Archer |
| 21:33 | Queue | Archer |
| 21:47 | Queue | Villager (Male) |
| 21:57 | Queue | Villager (Male) |
| 22:12 | Research | Ballistics |
| 22:12 | Queue | Villager (Male) |
| 22:16 | Queue | Archer |
| 22:16 | Queue | Archer |
| 22:26 | Queue | Villager (Male) |
| 23:17 | Queue | Villager (Male) |
| 23:17 | Queue | Villager (Male) |
| 23:24 | Queue | Villager (Male) |
| 23:33 | Queue | Archer |
| 23:33 | Queue | Archer |
| 23:33 | Queue | Villager (Male) |
| 23:40 | Build | Lumber Camp |
| 23:42 | Build | Farm |
| 23:42 | Build | Farm |
| 23:42 | Build | Farm |
| 23:42 | Build | Farm |
| 23:43 | Build | Farm |
| 23:43 | Build | Farm |
| 23:43 | Build | Farm |
| 23:44 | Build | Farm |
| 23:46 | Queue | Villager (Male) |
Match timeline
| 2:28 | KIV.YourAddHere · first_building Barracks |
| 5:07 | muirhead25 · first_building Barracks |
| 7:58 | muirhead25 · wall_segment Palisade Wall x1 |
| 7:59 | muirhead25 · wall_segment Palisade Wall x1 |
| 8:01 | muirhead25 · wall_segment Palisade Wall x1 |
| 8:03 | muirhead25 · wall_segment Palisade Wall x1 |
| 8:06 | muirhead25 · wall_segment Palisade Wall x1 |
| 8:20 | muirhead25 · wall_segment Palisade Wall x1 |
| 8:21 | muirhead25 · wall_segment Palisade Wall x1 |
| 8:25 | muirhead25 · wall_segment Palisade Wall x1 |
| 8:27 | muirhead25 · wall_segment Palisade Wall x1 |
| 11:15 | muirhead25 · age_up feudal |
| 11:18 | muirhead25 · first_building Archery Range |
| 11:23 | KIV.YourAddHere · age_up feudal |
| 11:28 | KIV.YourAddHere · first_building Archery Range |
| 13:54 | KIV.YourAddHere · wall_segment Palisade Wall x1 |
| 14:37 | KIV.YourAddHere · wall_segment Palisade Wall x1 |
| 14:38 | KIV.YourAddHere · wall_segment Palisade Wall x1 |
| 16:24 | KIV.YourAddHere · wall_segment Palisade Wall x1 |
| 16:24 | KIV.YourAddHere · wall_segment Palisade Wall x1 |
| 16:25 | KIV.YourAddHere · wall_segment Palisade Wall x1 |
| 16:34 | KIV.YourAddHere · wall_segment Palisade Wall x1 |
| 16:36 | KIV.YourAddHere · wall_segment Palisade Wall x1 |
| 16:44 | KIV.YourAddHere · wall_segment Palisade Wall x1 |
| 16:46 | KIV.YourAddHere · wall_segment Palisade Wall x1 |
| 17:38 | muirhead25 · first_market_sell 100 wood |
| 17:40 | muirhead25 · first_market_buy 100 food |
| 20:36 | muirhead25 · age_up castle |
| 20:41 | KIV.YourAddHere · wall_segment Palisade Wall x7 |
| 20:54 | KIV.YourAddHere · first_building Stable |
| 21:42 | KIV.YourAddHere · wall_segment Palisade Wall x5 |
| 22:29 | KIV.YourAddHere · age_up castle |
| 24:09 | KIV.YourAddHere · first_market_buy 100 wood |
| 24:12 | KIV.YourAddHere · first_building Monastery |
| 24:29 | muirhead25 · first_building Siege Workshop |
| 26:56 | muirhead25 · first_building Monastery |
| 27:22 | muirhead25 · first_building Castle |
| 27:32 | KIV.YourAddHere · first_building Siege Workshop |
| 30:26 | KIV.YourAddHere · first_building Castle |
| 35:09 | muirhead25 · age_up imperial |
| 38:14 | KIV.YourAddHere · resign |
[ AI ANALYSIS · 1 CREDIT ]
What really happened in this match?
Wolo.gg analyzes every decision: build order, eco, micro, common mistakes by bracket. Personalized analysis on WhatsApp or Discord in 30 seconds.
Civ guide
Goths
Perfil
Jugador #389780